 Dungeon Crawl Stone Soup version 0.24-b1 (webtiles) character file.

Game seed: 17424713595667563296, levelgen mode: deterministic

65793 MalarOregon the Thaumaturge (level 14, -6/118 HPs)
             Began as a Pale Draconian Conjurer on Oct 13, 2019.
             Was a High Priest of Sif Muna.
             Mangled by a shadow (30 damage)
             ... on level 13 of the Dungeon.
             The game lasted 01:09:01 (33708 turns).

MalarOregon the Thaumaturge (DrCj)                 Turns: 33708, Time: 01:09:02

Health: -6/118     AC: 12    Str: 10    XL:     14   Next: 76%
Magic:  2/30       EV: 14    Int: 28    God:    Sif Muna [*****.]
Gold:   2898       SH: 10    Dex: 11    Spells: 1/38 levels left

rFire    . . .     SeeInvis .   C - +4 demon blade (pain)
rCold    . . .     Gourm    .   n - +0 shield
rNeg     + . .     Faith    .   (armour unavailable)
rPois    .         Spirit   .   (helmet restricted)
rElec    .         Reflect  .   s - +0 cloak
rCorr    .         Harm     .   I - +1 pair of gloves
MR       +....                  y - +0 pair of boots
Stlth    ++........             (no amulet)
HPRegen  0.29/turn              g - +6 ring of intelligence
MPRegen  0.22/turn              r - ring of positive energy

@: about to teleport
A: breathe steam, unfitting armour, cold-blooded, AC +8
a: Breathe Steam, Channel Magic, Forget Spell, Divine Exegesis, Renounce
Religion


You were on level 13 of the Dungeon.
You worshipped Sif Muna.
Sif Muna was extremely pleased with you.
You were hungry.

You visited 4 branches of the dungeon, and saw 22 of its levels.
You also visited: Bailey.

You collected 3325 gold pieces.
You spent 427 gold pieces at shops.

Inventory:

Hand Weapons
 C - a +4 demon blade of pain (weapon)
   (You found it on level 10 of the Dungeon)
Missiles
 A - 3 curare-tipped darts (quivered) {!f}
 G - 7 throwing nets {!f}
Armour
 n - a +0 shield (worn)
   (You took it off Donald on level 2 of the Orcish Mines)
 s - a +0 cloak (worn)
   (You found it on level 5 of the Dungeon)
 y - a +0 pair of boots (worn)
   (You found it on level 7 of the Dungeon)
 I - a +1 pair of gloves (worn)
   (You found it on level 10 of the Dungeon)
 Y - a +2 large shield of protection
   (You took it off a vault guard on level 13 of the Dungeon)
Magical Staves
 Q - an uncursed staff of wizardry {!a}
   (You found it on level 2 of the Lair of Beasts)
 T - an uncursed staff of energy {!a}
   (You found it on level 5 of the Lair of Beasts)
 X - an uncursed staff of air {unknown}
   (You found it on level 6 of the Lair of Beasts)
Jewellery
 g - a +6 ring of intelligence (left hand)
   (You found it on level 1 of the Dungeon)
 r - a ring of positive energy (right hand)
   (You found it on level 4 of the Dungeon)
 K - an uncursed ring of magical power
   (You found it on level 1 of the Lair of Beasts)
 O - an uncursed ring of ice
   (You found it on level 4 of the Lair of Beasts)
 U - a +3 ring of protection
   (You found it on level 4 of the Lair of Beasts)
Wands
 b - a wand of enslavement (17)
   (You found it on level 5 of the Dungeon)
 c - a wand of disintegration (16)
   (You found it on level 10 of the Dungeon)
 d - a wand of iceblast (8)
   (You found it on level 12 of the Dungeon)
 t - a wand of flame (31)
   (You took it off a big kobold on level 8 of the Dungeon)
 u - a wand of paralysis (6)
   (You found it on level 2 of the Lair of Beasts)
 v - a wand of digging (11)
   (You found it on level 2 of the Lair of Beasts)
 x - a wand of acid (6)
   (You found it on level 2 of the Lair of Beasts)
Scrolls
 a - 2 scrolls of blinking
 h - 10 scrolls of remove curse {@r2}
 j - 4 scrolls of fear
 o - a scroll of noise {unknown}
 p - 7 scrolls of amnesia
 D - 5 scrolls of teleportation {@r4}
 E - a scroll of immolation {!r}
 F - 2 scrolls of fog
 H - 3 scrolls of magic mapping
 M - 3 scrolls of enchant armour
 R - 4 scrolls of identify {@r1}
Potions
 f - 5 potions of resistance
 i - 6 potions of invisibility
 k - 4 potions of heal wounds {@q2}
 l - 4 potions of brilliance
 m - 5 potions of degeneration {Degen, unknown}
 q - 2 potions of might
 w - 2 potions of ambrosia
 z - 2 potions of flight
 B - a potion of mutation {!q}
 J - a potion of agility
 L - a potion of haste {@q3}
 N - 3 potions of lignification {!q}
 P - 2 potions of curing {@q1}
 W - a potion of berserk rage
Miscellaneous
 V - a lightning rod (2/4) {!a}
   (You found it on level 5 of the Lair of Beasts)
Comestibles
 e - 26 rations {!d}


   Skills:
 + Level 9.0 Fighting
 + Level 11.2 Long Blades
 + Level 7.7 Dodging
 - Level 1.7 Stealth
 + Level 9.0 Shields
 + Level 12.7 Spellcasting
 - Level 5.0 Conjurations
 - Level 12.0 Necromancy
 + Level 0.3 Fire Magic
 + Level 0.5 Air Magic
 - Level 5.1 Earth Magic


You had one spell level left.
You knew the following spells:

 Your Spells              Type           Power        Failure   Level  Hunger
a - Borgnjor's Vile Clut  Necr/Erth      ######....   5%          5    ##.....
b - Blink                 Tloc           N/A          10%         2    None
c - Bolt of Magma         Conj/Fire/Erth #####.....   38%         5    ##.....
d - Lightning Bolt        Conj/Air       ####......   50%         5    ##.....
f - Mephitic Cloud        Conj/Pois/Air  ####....     9%          3    None
r - Deflect Missiles      Chrm/Air       ###.......   100%        6    ####...
s - Dazzling Spray        Conj/Hex       ####..       7%          3    None
x - Iskenderun's Mystic   Conj           #####...     9%          4    None
z - Fulminant Prism       Conj/Hex       ####......   22%         4    None

Your spell library contained the following spells:

 Spells                   Type           Power        Failure   Level  Hunger
 Magic Dart               Conj           ####         1%          1    None
 Shock                    Conj/Air       ####         1%          1    None
 Confusing Touch          Hex            ###...       6%          1    None
 Infusion                 Chrm           ###.         6%          1    None
 Searing Ray              Conj           #####.       1%          2    None
 Sublimation of Blood     Necr           ######....   1%          2    None
 Regeneration             Chrm/Necr      ######....   1%          3    None
 Animate Dead             Necr           N/A          1%          4    None
 Bolt of Draining         Conj/Necr      ######....   5%          5    ##.....
 Conjure Flame            Conj/Fire      ####....     6%          3    None
 Static Discharge         Conj/Air       ####....     6%          3    None
 Death Channel            Necr           ######....   7%          6    ####...
 Poisonous Vapours        Pois/Air       ###...       9%          2    None
 Call Imp                 Summ           ###.....     10%         2    None
 Ensorcelled Hibernation  Hex/Ice        ###...       10%         2    None
 Slow                     Hex            ###.....     10%         2    None
 Song of Slaying          Chrm           ###.....     10%         2    None
 Excruciating Wounds      Chrm/Necr      ######....   16%         5    ##.....
 Confuse                  Hex            ###.....     19%         3    None
 Gell's Gravitas          Tloc           ###.......   19%         3    None
 Ignite Poison            Fire/Tmut/Pois ###.....     19%         3    None
 Inner Flame              Hex/Fire       ###.....     19%         3    None
 Ozocubu's Armour         Chrm/Ice       ###.....     19%         3    None
 Recall                   Summ/Tloc      N/A          19%         3    None
 Tukima's Dance           Hex            ###.....     19%         3    None
 Force Lance              Conj/Tloc      ####....     22%         4    None
 Leda's Liquefaction      Hex/Erth       ####......   22%         4    None
 Petrify                  Tmut/Erth      ####....     22%         4    None
 Irradiate                Conj/Tmut      ####......   54%         5    ##.....
 Iskenderun's Battlesphe  Conj/Chrm      ####....     54%         5    ##.....
 Simulacrum               Ice/Necr       ######....   63%         6    ####...
 Silence                  Hex/Air        ###.......   85%         5    ##.....
 Alistair's Intoxication  Tmut/Pois      ###.....     87%         5    ##.....
 Metabolic Englaciation   Hex/Ice        ###.......   87%         5    ##.....
 Summon Forest            Summ/Tloc      ###.......   87%         5    ##.....
 Yara's Violent Unravell  Hex/Tmut       ###.......   87%         5    ##.....
 Conjure Ball Lightning   Conj/Air       ####......   97%         6    ####...
 Bolt of Cold             Conj/Ice       ####......   98%         6    ####...
 Freezing Cloud           Conj/Ice/Air   ####......   99%         6    ####...
 Darkness                 Hex            ###.......   100%        6    ####...
 Shadow Creatures         Summ           N/A          100%        6    ####...
 Death's Door             Chrm/Necr      ######....   100%        8    #######


Dungeon Overview and Level Annotations

Branches:
Dungeon (13/15)            Temple (1/1) D:6            Lair (6/6) D:9
  Swamp (0/4) Lair:4       Spider (0/4) Lair:3        Slime (0/5) Lair:5
    Orc (2/2) D:12            Elf (0/3) Orc:2        Vaults (0/5) D:13
 Bailey (visited)

Altars:
Ashenzari
Cheibriados
Dithmenos
Elyvilon
Fedhas
Gozag
Hepliaklqana
Kikubaaqudgha
Makhleb
Nemelex Xobeh
Okawaru
Qazlal
Ru
Sif Muna
Trog
Uskayaw
Vehumet
Wu Jian
Xom
Yredelemnul
Zin
The Shining One
Beogh
Jiyva

Shops:
Orc:2 (:[*:

Portals:
Hell: Lair:6
Trove: D:10 (give 4 scrolls of blinking)

Annotations:
Lair:2 3 runed translucent doors, kkknotok's ghost, journeyman FeEn


Innate Abilities, Weirdness & Mutations

You can breathe blasts of scalding, opaque steam.
Your pale cyan-grey scales are hard. (AC +8)
You cannot fit into any form of body armour.
You are cold-blooded and may be slowed by cold attacks.


Message History

You block the orb of energy.
The orb of energy explodes!
Unknown command.
The zombie hands constrict the rakshasa!
The rakshasa gestures at you. You block the orb of energy.
A hippogriff comes into view.
The zombie hands constrict the rakshasa!
The rakshasa hits you from afar with a +0 trident!
* * * LOW HITPOINT WARNING * * *
The zombie hands constrict the rakshasa!
The zombie hands lose their grip on the rakshasa.
The injured rakshasa weaves a defensive illusion!
Aim: a rakshasa, wielding a +0 trident and wearing a +0 robe (heavily wounded, constricted by zombie hands)
The orb of energy hits the rakshasa!
You kill the rakshasa!
The orb of energy explodes!
The mystic blast hits the rakshasa!
The mystic blast hits the rakshasa.
You block the rakshasa's attack. x2
The rakshasa closely misses you.
Unknown command.
Aim: a rakshasa, wielding a +0 trident and wearing a +0 robe (almost dead)
The orb of energy hits the rakshasa!
You kill the rakshasa!
The rakshasa hits you with a +0 trident.
* * * LOW HITPOINT WARNING * * *
Aim: a rakshasa, wielding a +0 trident and wearing a +0 robe (severely wounded)
The orb of energy hits the rakshasa!
The orb of energy explodes!
The mystic blast hits the shadow!
The shadow slips into darkness.
The shadow flickers and vanishes!
Deactivating autopickup; reactivate with Ctrl-A.
The rakshasa hits you with a +0 trident!!
* * * LOW HITPOINT WARNING * * *
Aim: a rakshasa, wielding a +0 trident and wearing a +0 robe (almost dead)
The orb of energy misses the rakshasa.
The orb of energy explodes!
The mystic blast hits the hippogriff!
The hippogriff bites you but does no damage.
You block the hippogriff's attack.
The hippogriff claws you but does no damage.
The rakshasa weaves an illusion.
A manticore comes into view.
Unknown command.
You don't have enough magic to cast that spell.
As you read the scroll of teleportation {@r4}, it crumbles to dust.
You feel strangely unstable.
The rakshasa blinks!
The hippogriff bites you but does no damage.
The hippogriff misses you. The hippogriff closely misses you.
The shadow strikes at you from the darkness!
Reactivating autopickup.
The shadow strikes at you from the darkness!
You die...

#.########.## ..# ##
#.# #.# ...###.
###.# #.# #......
##...# #.#
#...R.##....## #.#
#..⌠..#......## #.
##.....##......#####
#.....H§##..........
#{@.###...####
##W...#..##
##...†.## #.....#
##H...# ......)..#
##########


You could see a rakshasa, a manticore, a hippogriff and a shadow.

Vanquished Creatures
  Donald (Orc:2)
  An orc warlord (Orc:1)
  A vault guard (D:13)
  2 hydras
  2 two-headed ogres
  A catoblepas (Lair:3)
  3 centaur warriors (D:13)
  3 death yaks
  4 orc high priests
  A deep elf knight (D:13)
  A skeletal warrior (D:13)
  A sixfirhy (Lair:6)
  A wizard (Lair:6)
  An unseen horror (D:13)
  A flayed ghost (D:13)
  4 orc knights
  A wolf spider zombie (D:13)
  2 oklob plants (Lair:4)
  6 orc sorcerers
  An ugly thing (D:11)
  Maurice (D:8)
  2 cyclopes
  A manticore (D:13)
  5 black mambas
  2 orange demons (Lair:6)
  A gargoyle (D:13)
  A torpor snail (Lair:4)
  8 rime drakes
  An efreet (D:13)
  8 spiny frogs
  7 komodo dragons
  2 ice devils (Lair:6)
  A hellwing (Lair:6)
  2 red devils (Lair:6)
  5 trolls
  A meliai (D:13)
  2 jumping spiders (Lair:3)
  2 polar bears
  10 blink frogs
  11 hippogriffs
  Grinder (D:3)
  A bog body (Lair:4)
  A slime creature (D:9)
  Sigmund (D:3)
  4 wraiths
  2 vampires (D:13)
  A redback (Lair:3)
  4 wyverns
  33 yaks
  4 vampire mosquitoes (D:13)
  A hungry ghost (D:11)
  A soldier ant (D:9)
  2 acid dragons
  4 wargs
  3 hell hounds (Lair:6)
  11 water moccasins
  36 orc warriors
  6 porcupines
  2 eyes of draining
  4 ice beasts
  2 phantoms
  3 sky beasts
  2 black bears
  A necrophage (D:7)
  12 centaurs
  17 ogres
  18 wolves
  7 crocodiles
  An elf zombie (D:7)
  4 big kobolds
  18 bullfrogs
  9 gnoll sergeants
  An elf skeleton (D:7)
  2 scorpions (D:13)
  A water moccasin skeleton (D:11)
  5 wights
  2 electric eels
  5 howler monkeys (D:8)
  4 centaur zombies
  2 bullfrog zombies
  6 crimson imps
  2 quasits (D:11)
  3 bullfrog skeletons
  4 hounds
  3 human zombies (D:7)
  5 centaur skeletons
  18 orc priests
  6 gnoll shamans (Bailey)
  9 jellies
  Jessica (D:3)
  4 iguanas
  A human skeleton (D:7)
  20 orc wizards
  14 worker ants
  An ogre zombie (D:7)
  A hound skeleton (D:3)
  2 human simulacra (D:9)
  A worker ant zombie (D:7)
  Robin (D:3)
  19 gnolls
  11 adders
  5 shadow imps
  10 oozes
  4 adder zombies
  4 worms
  2 adder skeletons
  4 dart slugs
  3 leopard geckos
  88 orcs
  2 ball pythons
  10 giant cockroaches
  9 hobgoblins
  9 jackals
  7 quokkas
  8 bats
  2 frilled lizards
  18 goblins
  23 kobolds
  A quokka skeleton (D:5)
  7 rats
  5 fungi
  A plant (Lair:4)
703 creatures vanquished.

Vanquished Creatures (collateral kills)
  A gnoll (Bailey)
1 creature vanquished.

Vanquished Creatures (others)
  An ugly thing (D:13)
  A jelly (D:9)
  An orc wizard (Orc:2)
  2 oozes (D:9)
  3 orcs
  21 fulminant prisms
  12 fungi
  4 plants
45 creatures vanquished.

Grand Total: 749 creatures vanquished

Notes
Turn   | Place    | Note
-------+----------+-------------------------------------------
     0 | D:1      | MalarOregon the Draconian Conjurer began the quest for the
                  | Orb.
     0 | D:1      | Reached XP level 1. HP: 14/14 MP: 3/3
   430 | D:1      | Reached skill level 1 in Fighting
   430 | D:1      | Reached XP level 2. HP: 23/23 MP: 3/5
  1208 | D:2      | Reached XP level 3. HP: 26/30 MP: 6/6
  1288 | D:2      | Reached XP level 4. HP: 18/40 MP: 7/7
  1530 | D:2      | Found a shimmering blue altar of Sif Muna.
  1580 | D:2      | Found a sparkling altar of Nemelex Xobeh.
  2209 | D:3      | Noticed Jessica
  2215 | D:3      | Killed Jessica
  2215 | D:3      | Reached XP level 5. HP: 47/47 MP: 8/8
  2220 | D:3      | Reached skill level 5 in Fighting
  2256 | D:3      | Noticed Grinder
  2258 | D:3      | Paralysed by Grinder for 7 turns
  2277 | D:3      | Killed Grinder
  2277 | D:3      | Reached XP level 6. HP: 20/58 MP: 9/9
  2577 | D:3      | Noticed Sigmund
  2583 | D:3      | Learned a level 3 spell: Dazzling Spray
  2588 | D:3      | Learned a level 4 spell: Fulminant Prism
  2596 | D:3      | Killed Sigmund
  2673 | D:3      | Your scales start taking on a pale cyan-grey colour.
  2673 | D:3      | Reached XP level 7. HP: 65/67 MP: 10/10
  2675 | D:3      | Noticed Robin
  2695 | D:3      | Killed Robin
  3012 | D:4      | Found a blossoming altar of Fedhas.
  3265 | D:2      | Became a worshipper of Sif Muna the Loreminder
  3747 | D:4      | Found a glowing silver altar of Zin.
  3747 | D:4      | Noticed an angel
  3778 | D:5      | Entered Level 5 of the Dungeon
  4434 | D:5      | Reached * piety under Sif Muna
  4434 | D:5      | Reached skill level 5 in Dodging
  4677 | D:6      | Found a burning altar of Makhleb.
  4688 | D:6      | Reached XP level 8. HP: 63/74 MP: 11/11
  4918 | D:6      | Found a staircase to the Ecumenical Temple.
  4942 | Temple   | Entered the Ecumenical Temple
  5924 | D:7      | Learned a level 2 spell: Blink
  6187 | D:7      | Reached skill level 5 in Spellcasting
  6193 | D:7      | HP: 3/73 [worker ant zombie (4)]
  6574 | D:7      | Reached XP level 9. HP: 58/79 MP: 15/17
  6746 | D:7      | Found a basalt altar of Yredelemnul.
  6768 | D:7      | Reached ** piety under Sif Muna
  7023 | D:8      | Noticed Maurice
  7043 | D:8      | Killed Maurice
  7708 | D:8      | Found a shattered altar of Ashenzari.
  8029 | D:9      | Found a staircase to the Lair.
  8030 | D:9      | Noticed a komodo dragon
  8069 | D:9      | Killed a komodo dragon
  8069 | D:9      | Reached XP level 10. HP: 11/87 MP: 17/23
  8402 | D:9      | Noticed a two-headed ogre
  8415 | D:9      | Killed a two-headed ogre
  8415 | D:9      | Reached skill level 10 in Spellcasting
  8885 | D:9      | Reached *** piety under Sif Muna
  9856 | D:9      | Found a glowing golden altar of the Shining One.
  9860 | D:9      | Found a hazy altar of Hepliaklqana.
  9865 | D:9      | Found a hide-covered altar of Uskayaw.
 10775 | D:10     | Entered Level 10 of the Dungeon
 10833 | D:10     | Found a flagged portal.
 10863 | Bailey   | Entered a bailey
 11170 | Bailey   | HP: 3/87 [gnoll sergeant/+0 halberd (12)]
 12411 | D:10     | Reached **** piety under Sif Muna
 12739 | D:10     | Learned a level 5 spell: Borgnjor's Vile Clutch
 12744 | D:10     | Found a portal to a secret trove of treasure.
 12836 | D:10     | Reached XP level 11. HP: 28/93 MP: 27/27
 13330 | Lair:1   | Entered Level 1 of the Lair of Beasts
 13337 | Lair:1   | Reached skill level 1 in Necromancy
 13344 | D:9      | Reached skill level 1 in Earth Magic
 13744 | Lair:1   | Reached skill level 1 in Long Blades
 14863 | Lair:1   | Got a bone whip
 14864 | Lair:1   | Identified the +8 whip "Satit" {slash, Dex+4} (You found it
                  | on level 1 of the Lair of Beasts)
 15361 | Lair:2   | Found a runed translucent gate.
 15361 | Lair:2   | Found a runed translucent gate.
 15362 | Lair:2   | Found a runed translucent gate.
 15362 | Lair:2   | Noticed kkknotok's ghost (journeyman FeEn)
 15370 | Lair:2   | Noticed an eight-headed hydra
 15411 | Lair:2   | Killed an eight-headed hydra
 16061 | Lair:2   | Reached skill level 5 in Conjurations
 17001 | Lair:2   | Learned a level 3 spell: Mephitic Cloud
 17896 | Lair:3   | Noticed a catoblepas
 17919 | Lair:3   | HP: 1/95 [something/blast of calcifying dust (9)]
 18328 | Lair:3   | Found a hole to the Spider Nest.
 18370 | Lair:3   | Noticed a death yak
 18370 | Lair:3   | Noticed a death yak
 18370 | Lair:3   | Noticed a death yak
 18384 | Lair:4   | Killed a death yak
 18384 | Lair:4   | Reached skill level 5 in Necromancy
 18384 | Lair:4   | Reached XP level 12. HP: 12/103 MP: 7/28
 19056 | Lair:4   | Reached skill level 1 in Shields
 19474 | Lair:4   | Found a staircase to the Swamp.
 19621 | Lair:4   | Learned a level 4 spell: Iskenderun's Mystic Blast
 20804 | Lair:5   | Reached skill level 5 in Earth Magic
 20819 | Lair:5   | Reached ***** piety under Sif Muna
 20821 | Lair:5   | Identified Sif Muna's Compendium of Talismans (Sif Muna
                  | gifted it to you on level 5 of the Lair of Beasts)
 20821 | Lair:5   | Received a gift from Sif Muna
 20882 | Lair:5   | Learned a level 6 spell: Deflect Missiles
 21273 | Lair:5   | Found a staircase to the Slime Pits.
 21274 | Lair:5   | Found a viscous altar of Jiyva.
 21799 | Lair:4   | Killed a death yak
 22013 | Lair:3   | Killed a death yak
 22665 | Lair:3   | Killed a catoblepas
 22953 | Lair:6   | Entered Level 6 of the Lair of Beasts
 23086 | Lair:6   | Reached XP level 13. HP: 110/110 MP: 14/29
 23190 | Lair:6   | Reached skill level 10 in Necromancy
 24337 | Lair:6   | Found a burning altar of Makhleb.
 24978 | Lair:6   | Found a gateway to Hell.
 25514 | Lair:3   | Found a hole to the Spider Nest.
 26222 | D:11     | Identified Sif Muna's Compendium of Confrontation (Sif Muna
                  | gifted it to you on level 11 of the Dungeon)
 26222 | D:11     | Received a gift from Sif Muna
 26230 | D:11     | Learned a level 5 spell: Bolt of Magma
 26365 | D:11     | Reached skill level 5 in Long Blades
 26547 | D:11     | You fall into a shaft and drop 2 floors!
 27241 | D:12     | Found a staircase to the Orcish Mines.
 27798 | Orc:1    | Entered Level 1 of the Orcish Mines
 28008 | Orc:2    | Entered Level 2 of the Orcish Mines
 28064 | Orc:2    | Noticed Donald
 28197 | Orc:2    | Found Xiptyj's Book Shop.
 28217 | Orc:2    | Killed Donald
 28589 | Orc:2    | Found a staircase to the Elven Halls.
 28620 | Orc:2    | Reached skill level 5 in Shields
 28705 | Orc:2    | Identified Sif Muna's Reference Book on Confrontation and
                  | Boosts (Sif Muna gifted it to you on level 2 of the Orcish
                  | Mines)
 28705 | Orc:2    | Received a gift from Sif Muna
 28714 | Orc:2    | Reached XP level 14. HP: 71/116 MP: 20/30
 28724 | Orc:2    | HP: 2/116 [soul eater/drain life[an orc sorcerer] (19)]
 29222 | Orc:2    | Paralysed by an orc sorcerer for 6 turns
 29358 | Orc:2    | Noticed an orc warlord
 29550 | Orc:1    | Killed an orc warlord
 30410 | Orc:2    | Found a roughly hewn altar of Beogh.
 30969 | Orc:2    | Found Juesibic's General Store.
 30970 | Orc:2    | Found Ravehuawk's Book Shop.
 30971 | Orc:2    | Found Ywaa's Antique Armour Shop.
 30971 | Orc:2    | Found Kacyuh's Antique Weapon Boutique.
 30985 | Orc:2    | Bought a scroll of fear for 52 gold pieces
 30985 | Orc:2    | Bought a ration for 75 gold pieces
 30985 | Orc:2    | Bought a ration for 75 gold pieces
 30985 | Orc:2    | Bought 2 scrolls of enchant armour for 225 gold pieces
 31204 | Orc:2    | Reached skill level 10 in Long Blades
 31426 | Orc:2    | Identified Nawehy's Collected Works on Enchantment and
                  | Weightlessness (Sif Muna gifted it to you on level 2 of the
                  | Orcish Mines)
 31426 | Orc:2    | Received a gift from Sif Muna
 31476 | Orc:1    | Learned a level 5 spell: Lightning Bolt
 32049 | D:13     | Found a gate to the Vaults.
 32331 | D:13     | Found a roughly hewn altar of Beogh.
 33247 | D:13     | Identified Sif Muna's Catalogue of the Floating Traveller
                  | (Sif Muna gifted it to you on level 13 of the Dungeon)
 33247 | D:13     | Received a gift from Sif Muna
 33708 | D:13     | Mangled by a shadow

Skill      XL: |  1  2  3  4  5  6  7  8  9 10 11 12 13 14 |
---------------+-------------------------------------------+-----
Fighting       | 1 2 3 4 6 7 8 9 |  9.0
Dodging        | 5 6 7 |  7.7
Spellcasting   | 5 9 12 | 12.7
Necromancy     | 5 9 12 | 12.0
Earth Magic    | 3 5 |  5.1
Long Blades    | 3 8 11 | 11.2
Conjurations   | 5 |  5.0
Shields        | 4 5 9 |  9.0
Stealth        | |  1.7
Fire Magic     | |  0.3
Air Magic      | |  0.5

Action                   |  1- 3 |  4- 6 |  7- 9 | 10-12 | 13-15 || total
-------------------------+-------+-------+-------+-------+-------++-------
Melee: Short sword       |    25 |       |       |       |       ||    25
       Tailslap          |     4 |     9 |    40 |    60 |    80 ||   193
       Unarmed           |     1 |       |       |       |       ||     1
       Whip              |    27 |    91 |   426 |   612 |    64 ||  1220
       Demon blade       |       |       |       |     5 |   626 ||   631
Throw: Dart              |       |       |     3 |    12 |       ||    15
       Throwing net      |       |       |       |     1 |       ||     1
 Cast: Magic Dart        |    38 |       |    13 |    24 |       ||    75
       Blink             |       |       |     4 |     4 |       ||     8
       Dazzling Spray    |       |       |     2 |    64 |       ||    66
       Fulminant Prism   |       |       |       |    21 |       ||    21
       Borgnjor's Vile C |       |       |       |    45 |    83 ||   128
       Iskenderun's Myst |       |       |       |    30 |   104 ||   134
Invok: Channel Magic     |       |       |       |       |     1 ||     1
 Abil: Breathe Steam     |       |       |     2 |    14 |     1 ||    17
Evoke: Wand              |       |       |     3 |    17 |     2 ||    22
       Lightning rod     |       |       |       |       |     4 ||     4
  Use: Scroll            |       |       |    10 |    13 |     8 ||    31
       Potion            |       |       |     1 |     2 |     1 ||     4
 Stab: Sleeping          |     1 |     3 |     3 |     3 |     3 ||    13
       Distracted        |       |       |     2 |       |       ||     2
       Invisible         |       |       |       |     4 |       ||     4
  Eat: Chunk             |     1 |     5 |    14 |    28 |    29 ||    77
       Ration            |       |       |     1 |     7 |     3 ||    11
Armor: Skin              |    17 |    35 |   106 |   228 |   283 ||   669
Dodge: Dodged            |    30 |    56 |   324 |   606 |   468 ||  1484
Block: Buckler           |       |       |       |    38 |    91 ||   129
       Shield            |       |       |       |       |   222 ||   222
       Rpst.: Demon blade |       |       |       |       |   107 ||   107
